ABL
EAST SYDNEY ROOSTERS @ NORTH SYDNEY BEARS
07/31/2022
 
TOP OF THE 1ST
East Sydney Roosters batting - Pitching for North Sydney Bears : RHP Kurt Walsh
Pitching: RHP Kurt Walsh
Batting: RHB Irving Dorset 0-0: Foul Ball, location: 9LSF
0-1: Ball
1-1: Ball
2-1: Ball
3-1: Swinging Strike
3-2: SINGLE (Groundball, P, EV 86.9 MPH) (infield hit)
Batting: LHB Kole Hancock 0-0: Called Strike
0-1: Foul Ball, location: 3DF
0-2: Ball
1-2: Ball
2-2: Ball
3-2: Foul Ball, location: 2LF
3-2: Foul Ball, location: 3F
3-2: SINGLE (Line Drive, 3D, EV 96.9 MPH)
Irving Dorset to second
Irving Dorset to third
Batting: SHB Daren Simmons 0-0: Foul Ball, location: 2F
0-1: Ball
1-1: Ball
Wild Pitch!
Irving Dorset scores
Kole Hancock to second
2-1: Ball
3-1: Ground out 4-3 (Groundball, 4, EV 108.1 MPH)
Kole Hancock to third
Batting: LHB Tal-hun Uhm 0-0: Foul Ball, location: 2RF
0-1: Called Strike
0-2: Ball
1-2: Strikes out looking
Batting: LHB Cristian Trewhella 0-0: Swinging Strike
0-1: Called Strike
0-2: Strikes out looking
Top of the 1st over - 1 run, 2 hits, 0 errors, 1 left on base; East Sydney 1 - North Sydney 0
BOTTOM OF THE 1ST
North Sydney Bears batting - Pitching for East Sydney Roosters : RHP Colt Eckley
Pitching: RHP Colt Eckley
Batting: LHB Jofet Triga 0-0: Called Strike
0-1: Foul Ball, location: 7LMF
0-2: Ball
1-2: Ball
2-2: Ball
3-2: Strikes out swinging
Batting: LHB Joey Guildford 0-0: Fly out, F8 (Flyball, 8RD, EV 110.6 MPH)
Batting: RHB Conrad Verberne 0-0: Called Strike
0-1: Ball
1-1: Foul Ball, location: 2F
1-2: Strikes out looking
Bottom of the 1st over - 0 runs, 0 hits, 0 errors, 0 left on base; East Sydney 1 - North Sydney 0
TOP OF THE 2ND
East Sydney Roosters batting - Pitching for North Sydney Bears : RHP Kurt Walsh
Batting: LHB Cec Chaundler 0-0: Ball
1-0: Called Strike
1-1: Ball
2-1: Fly out, F6 (Popup, 6, EV 81.9 MPH)
Batting: RHB Joel Nicholson 0-0: SINGLE (Groundball, 4MD, EV 104.4 MPH)
Batting: RHB Adrian Maccley 0-0: Fly out, F8 (Line Drive, 8RM, EV 91.3 MPH)
Batting: RHB Colt Eckley 0-0: SINGLE (Groundball, 4MD, EV 106.3 MPH)
Joel Nicholson to second
Runner from 2nd tries for 3rd, SAFE, throw by CF made to third
Batting: RHB Irving Dorset 0-0: Ball
1-0: Ball
2-0: Called Strike
2-1: Ball
3-1: Foul Ball, location: 5F
3-2: Ground out 4-3 (Groundball, 4, EV 104.4 MPH)
Top of the 2nd over - 0 runs, 2 hits, 0 errors, 2 left on base; East Sydney 1 - North Sydney 0
BOTTOM OF THE 2ND
North Sydney Bears batting - Pitching for East Sydney Roosters : RHP Colt Eckley
Batting: LHB Jonathan Hoolahan 0-0: Called Strike
0-1: Foul Ball, location: 3F
0-2: Ball
1-2: Ground out U3 (Groundball, 3, EV 100.0 MPH)
Batting: RHB Noel Wakeling 0-0: Foul Ball, location: 9LMF
0-1: Swinging Strike
0-2: Ball
1-2: Foul Ball, location: 9LDF
1-2: Ball
2-2: Strikes out swinging
Batting: LHB Trent Northam 0-0: Ball
1-0: Called Strike
1-1: Foul Ball, location: 7LDF
1-2: Foul Ball, location: 3DF
1-2: Ball
2-2: Ground out U3 (Groundball, 34, EV 96.3 MPH)
Bottom of the 2nd over - 0 runs, 0 hits, 0 errors, 0 left on base; East Sydney 1 - North Sydney 0
TOP OF THE 3RD
East Sydney Roosters batting - Pitching for North Sydney Bears : RHP Kurt Walsh
Batting: LHB Kole Hancock 0-0: Swinging Strike
0-1: Ball
1-1: Fly out, F8 (Flyball, 8RM, EV 92.5 MPH)
Batting: SHB Daren Simmons 0-0: Ball
1-0: Foul Ball, location: 25FF
1-1: Ball
2-1: Called Strike
2-2: Foul Ball, location: 2F
2-2: Strikes out swinging
Batting: LHB Tal-hun Uhm 0-0: Ball
1-0: Foul Ball, location: 7LMF
1-1: Foul Ball, location: 7LMF
1-2: Ball
2-2: Ball
3-2: SOLO HOME RUN (Flyball, 7D, EV 100.0 MPH), Distance : 403 ft
Batting: LHB Cristian Trewhella 0-0: Called Strike
0-1: Ball
1-1: Ball
2-1: Called Strike
2-2: Foul Ball, location: 2F
2-2: Ground out 6-3 (Groundball, 6, EV 103.8 MPH)
Top of the 3rd over - 1 run, 1 hit, 0 errors, 0 left on base; East Sydney 2 - North Sydney 0
BOTTOM OF THE 3RD
North Sydney Bears batting - Pitching for East Sydney Roosters : RHP Colt Eckley
Batting: RHB Denzel Horsfall 0-0: Foul Ball, location: 7LDF
0-1: Called Strike
0-2: Ball
1-2: Foul Ball, location: 7LSFF
1-2: Foul Ball, location: 3SF
1-2: Ball
2-2: Fly out, F8 (Flyball, 8RM, EV 81.9 MPH)
Batting: LHB Tommie Lovatt 0-0: Fly out, F9 (Flyball, 9D, EV 82.5 MPH)
Batting: RHB Kurt Walsh 0-0: Ball
1-0: Ground out 5-3 (Groundball, 56, EV 89.4 MPH)
Bottom of the 3rd over - 0 runs, 0 hits, 0 errors, 0 left on base; East Sydney 2 - North Sydney 0
TOP OF THE 4TH
East Sydney Roosters batting - Pitching for North Sydney Bears : RHP Kurt Walsh
Batting: LHB Cec Chaundler 0-0: Called Strike
0-1: Ball
1-1: Swinging Strike
1-2: Ground out 4-3 (Groundball, 4, EV 105.6 MPH)
Batting: RHB Joel Nicholson 0-0: Called Strike
0-1: Fly out, F8 (Line Drive, 8RD, EV 93.1 MPH)
Batting: RHB Adrian Maccley 0-0: Called Strike
0-1: Ball
1-1: Ground out 4-3 (Groundball, 4MD, EV 98.1 MPH)
Top of the 4th over - 0 runs, 0 hits, 0 errors, 0 left on base; East Sydney 2 - North Sydney 0
BOTTOM OF THE 4TH
North Sydney Bears batting - Pitching for East Sydney Roosters : RHP Colt Eckley
Batting: LHB Jofet Triga 0-0: Swinging Strike
0-1: Bunted foul
0-2: Foul Ball, location: 7LMF
0-2: Ball
1-2: Fly out, F7 (Flyball, 78S, EV 97.5 MPH)
Batting: LHB Joey Guildford 0-0: Ball
1-0: Called Strike
1-1: Ground out U3 (Groundball, 34S, EV 81.9 MPH)
Batting: RHB Conrad Verberne 0-0: Ball
1-0: Ball
2-0: Foul Ball, location: 2F
2-1: Ball
3-1: Called Strike
3-2: SINGLE (Groundball, 34D, EV 96.9 MPH)
Batting: LHB Jonathan Hoolahan 0-0: Ball
1-0: Ball
2-0: Foul Ball, location: 2F
2-1: Foul Ball, location: 2F
2-2: Strikes out swinging
Bottom of the 4th over - 0 runs, 1 hit, 0 errors, 1 left on base; East Sydney 2 - North Sydney 0
TOP OF THE 5TH
East Sydney Roosters batting - Pitching for North Sydney Bears : RHP Kurt Walsh
Batting: RHB Colt Eckley 0-0: Ball
1-0: Ball
2-0: Called Strike
2-1: Foul Ball, location: 23F
2-2: Strikes out swinging, 2-3 out at first.
Batting: RHB Irving Dorset 0-0: Ball
1-0: Foul Ball, location: 2F
1-1: Swinging Strike
1-2: Ground out 5-3 (Groundball, 5, EV 76.9 MPH)
Batting: LHB Kole Hancock 0-0: Ball
1-0: Ground out 6-3 (Groundball, 6, EV 83.1 MPH)
Top of the 5th over - 0 runs, 0 hits, 0 errors, 0 left on base; East Sydney 2 - North Sydney 0
BOTTOM OF THE 5TH
North Sydney Bears batting - Pitching for East Sydney Roosters : RHP Colt Eckley
Batting: RHB Noel Wakeling 0-0: Ball
1-0: Called Strike
1-1: Foul Ball, location: 9LSF
1-2: Fly out, F9 (Flyball, 9, EV 91.9 MPH)
Batting: LHB Trent Northam 0-0: Fly out, F9 (Flyball, 9LS, EV 86.3 MPH)
Batting: RHB Denzel Horsfall 0-0: Swinging Strike
0-1: Foul Ball, location: 5FF
0-2: Strikes out looking
Bottom of the 5th over - 0 runs, 0 hits, 0 errors, 0 left on base; East Sydney 2 - North Sydney 0
TOP OF THE 6TH
East Sydney Roosters batting - Pitching for North Sydney Bears : RHP Kurt Walsh
Batting: SHB Daren Simmons 0-0: Ball
1-0: Ball
2-0: Foul Ball, location: 2F
2-1: Ball
3-1: Called Strike
3-2: SINGLE (Groundball, 6MD, EV 100.0 MPH)
Batting: LHB Tal-hun Uhm 0-0: Called Strike
0-1: Called Strike
0-2: Ball
1-2: Ball
2-2: Foul Ball, location: 3F
2-2: Ball
3-2: Base on Balls
Daren Simmons to second
Batting: LHB Cristian Trewhella 0-0: Called Strike
0-1: Called Strike
0-2: Ball
1-2: SINGLE (Flyball, 56D, EV 91.3 MPH)
Daren Simmons to third
Tal-hun Uhm to second
Batting: LHB Cec Chaundler 0-0: Called Strike
0-1: Ball
1-1: Swinging Strike
1-2: Ball
2-2: Foul Ball, location: 7LMFF
2-2: Ball
3-2: Foul Ball, location: 23FF
3-2: Foul Ball, location: 2F
3-2: Grounds into double play, 1-2-3 (Groundball, 15S, EV 68.8 MPH)
Tal-hun Uhm to third
Cristian Trewhella to second
Batting: RHB Joel Nicholson 0-0: Swinging Strike
0-1: Ball
1-1: Foul Ball, location: 9LMF
1-2: Strikes out swinging
Top of the 6th over - 0 runs, 2 hits, 0 errors, 2 left on base; East Sydney 2 - North Sydney 0
BOTTOM OF THE 6TH
North Sydney Bears batting - Pitching for East Sydney Roosters : RHP Colt Eckley
Batting: LHB Tommie Lovatt 0-0: Ball
1-0: Ball
2-0: Swinging Strike
2-1: Foul Ball, location: 7LSF
2-2: Ball
3-2: Ground out U3 (Groundball, 3, EV 100.0 MPH)
Pinch Hitting: RHB Wayne Morrison 0-0: Foul Ball, location: 2F
0-1: Ball
1-1: Foul Ball, location: 9LDF
1-2: Foul Ball, location: 2F
1-2: Strikes out swinging
Batting: LHB Jofet Triga 0-0: Ball
1-0: Called Strike
1-1: Called Strike
1-2: Fly out, F9 (Flyball, 89M, EV 84.4 MPH)
Bottom of the 6th over - 0 runs, 0 hits, 0 errors, 0 left on base; East Sydney 2 - North Sydney 0
TOP OF THE 7TH
East Sydney Roosters batting - Pitching for North Sydney Bears : RHP Kurt Walsh
Pitching: RHP Tim Barke
Batting: RHB Adrian Maccley 0-0: Ball
1-0: Ball
2-0: Foul Ball, location: 3DF
2-1: Fly out, F9 (Flyball, 89S, EV 83.1 MPH)
Batting: RHB Colt Eckley 0-0: Foul Ball, location: 9LSF
0-1: Ball
1-1: Ball
2-1: Ball
3-1: Swinging Strike
3-2: Foul Ball, location: 2F
3-2: Strikes out looking
Batting: RHB Irving Dorset 0-0: Called Strike
0-1: Foul Ball, location: 2F
0-2: Foul Ball, location: 2F
0-2: Ball
1-2: Ball
2-2: Ball
3-2: Strikes out swinging
Top of the 7th over - 0 runs, 0 hits, 0 errors, 0 left on base; East Sydney 2 - North Sydney 0
BOTTOM OF THE 7TH
North Sydney Bears batting - Pitching for East Sydney Roosters : RHP Colt Eckley
Batting: LHB Joey Guildford 0-0: Ground out 6-3 (Groundball, 6, EV 81.3 MPH)
Batting: RHB Conrad Verberne 0-0: Called Strike
0-1: Swinging Strike
0-2: SINGLE (Line Drive, 9LS, EV 104.4 MPH)
Batting: LHB Jonathan Hoolahan 0-0: Fly out, F9 (Flyball, 9S, EV 90.6 MPH)
Batting: RHB Noel Wakeling 0-0: Foul Ball, location: 25FF
0-1: Ball
1-1: SINGLE (Line Drive, 8RS, EV 96.3 MPH)
Conrad Verberne to second
Batting: LHB Trent Northam 0-0: Ball
1-0: Ball
2-0: Called Strike
2-1: Ball
3-1: Ground out 4-3 (Groundball, 4, EV 104.4 MPH)
Bottom of the 7th over - 0 runs, 2 hits, 0 errors, 2 left on base; East Sydney 2 - North Sydney 0
TOP OF THE 8TH
East Sydney Roosters batting - Pitching for North Sydney Bears : RHP Tim Barke
Batting: LHB Kole Hancock 0-0: Ball
1-0: Ball
2-0: Ball
3-0: Called Strike
3-1: Base on Balls
Batting: SHB Daren Simmons 0-0: Ball
1-0: Ball
2-0: Fly out, F8 (Line Drive, 8LD, EV 93.8 MPH)
Batting: LHB Tal-hun Uhm 0-0: Called Strike
0-1: Ball
1-1: SINGLE (Groundball, 6D, EV 95.6 MPH)
Kole Hancock to second
Batting: LHB Cristian Trewhella 0-0: Ball
1-0: Foul Ball, location: 2F
1-1: Foul Ball, location: 2F
1-2: SINGLE (Groundball, P, EV 85.6 MPH) (infield hit)
Kole Hancock to third
Tal-hun Uhm to second
Pitching: LHP Darren Golafre
Batting: LHB Cec Chaundler 0-0: Called Strike
0-1: Foul Ball, location: 2F
0-2: Ball
1-2: Strikes out looking
Pitching: RHP O.P. Milk
Batting: RHB Joel Nicholson 0-0: Foul Ball, location: 2F
0-1: Called Strike
0-2: Foul Ball, location: 2F
0-2: Ball
1-2: Foul Ball, location: 9LMF
1-2: Foul Ball, location: 2F
1-2: Ball
2-2: Foul Ball, location: 2F
2-2: Ball
3-2: Strikes out looking
Top of the 8th over - 0 runs, 2 hits, 0 errors, 3 left on base; East Sydney 2 - North Sydney 0
BOTTOM OF THE 8TH
North Sydney Bears batting - Pitching for East Sydney Roosters : RHP Colt Eckley
Batting: RHB Denzel Horsfall 0-0: Fly out, F8 (Flyball, 8RD, EV 84.4 MPH)
Batting: LHB Tommie Lovatt 0-0: Called Strike
0-1: Ball
1-1: Ball
2-1: Ball
3-1: Base on Balls
Pinch Hitting: SHB Tas Monroe 0-0: Ball
1-0: Fly out, F8 (Flyball, 8RXD, EV 98.1 MPH)
Batting: LHB Jofet Triga 0-0: Ball
1-0: Ball
2-0: Called Strike
2-1: Fly out, F6 (Line Drive, 6, EV 68.1 MPH)
Bottom of the 8th over - 0 runs, 0 hits, 0 errors, 1 left on base; East Sydney 2 - North Sydney 0
TOP OF THE 9TH
East Sydney Roosters batting - Pitching for North Sydney Bears : RHP O.P. Milk
Pitching: LHP Ray Keeling
Batting: RHB Adrian Maccley 0-0: Swinging Strike
0-1: Called Strike
0-2: Strikes out looking
Batting: RHB Colt Eckley 0-0: Called Strike
0-1: Ball
1-1: Ball
2-1: Foul Ball, location: 7LMF
2-2: Strikes out swinging
Batting: RHB Irving Dorset 0-0: Swinging Strike
0-1: Ball
1-1: Called Strike
1-2: Ball
2-2: Foul Ball, location: 3F
2-2: DOUBLE (Flyball, 89D, EV 110.6 MPH)
Batting: LHB Kole Hancock 0-0: Ball
1-0: Swinging Strike
1-1: Ball
2-1: Foul Ball, location: 7LSF
2-2: Ball
3-2: Base on Balls
Batting: SHB Daren Simmons 0-0: 3-RUN HOME RUN (Flyball, 78XD, EV 106.9 MPH), Distance : 406 ft
Batting: LHB Tal-hun Uhm 0-0: Called Strike
0-1: Ball
1-1: Ball
2-1: Ball
3-1: Called Strike
3-2: Base on Balls
Batting: LHB Cristian Trewhella 0-0: Called Strike
0-1: Ball
1-1: Ball
2-1: Ground out U3 (Groundball, 3, EV 78.1 MPH)
Top of the 9th over - 3 runs, 2 hits, 0 errors, 1 left on base; East Sydney 5 - North Sydney 0
BOTTOM OF THE 9TH
North Sydney Bears batting - Pitching for East Sydney Roosters : RHP Colt Eckley
Batting: LHB Joey Guildford 0-0: Swinging Strike
0-1: Foul Ball, location: 3SF
0-2: Ball
1-2: Strikes out swinging
Batting: RHB Conrad Verberne 0-0: Called Strike
0-1: Ball
1-1: Swinging Strike
1-2: Ground out 6-3 (Groundball, 6, EV 76.9 MPH)
Batting: LHB Jonathan Hoolahan 0-0: Fly out, F9 (Flyball, 9D, EV 95.6 MPH)
Bottom of the 9th over - 0 runs, 0 hits, 0 errors, 0 left on base; East Sydney 5 - North Sydney 0
Saturday, May 4th , 2024 - OOTP Baseball 24.9 Build 80